Map: Forêt cybernétique EC

Players

Sorandom

  • Race: Zerg Zerg
  • League: Diamond
  • Spawn Location: 11:00

aaniaK - Winner!

  • Race: Zerg Zerg
  • League: Diamond
  • Spawn Location: 5:00

VOD

Have the link to the VOD?

Description

Time

  • Played on: April 4, 2019, 5:26 p.m.
  • Length: 8:01
Show
View Real Time Build Order
Export as new Build Order

Sorandom Zerg 

Build Orders: Pool First, Zergling Baneling 

Get SALT Encoding   

  12  0:02  Drone  
  13  0:12  Overlord  
  13  0:16  Drone  
  14  0:31  Drone  
  14  0:32  Drone  
  16  0:43  Spawning Pool  
  16  0:45  Drone  
  16  1:10  Hatchery  
  15  1:12  Extractor  
  15  1:13  Drone  
  15  1:17  Drone  
  16  1:22  Drone  
  17  1:36  Drone x2  
  19  1:46  Zergling x2  
  20  2:01  Zergling x2  
  20  2:08  Baneling Nest, Queen  
  21  2:11  Overlord  
  22  2:21  Queen  
  24  2:31  Zergling x6  
  27  2:40  Zergling x2  
  27  2:41  Zergling x2  
  29  2:48  Metabolic Boost  
  29  2:51  Baneling x2  
  29  2:55  Zergling x4  
  29  2:56  Zergling x2  
  32  3:08  Spine Crawler, Zergling x2  
  32  3:11  Baneling x2  
  32  3:21  Zergling x4  
  32  3:23  Zergling x2  
  32  3:26  Zergling x2  
  34  3:30  Zergling x2  
  33  3:37  Zergling x4  
  34  3:42  Zergling x2  
  35  3:55  Overlord  
  34  4:04  Zergling x4  
  33  4:12  Zergling x6  
  30  4:21  Zergling x6  
  30  4:22  Zergling x2  
  33  4:28  Baneling x3  
  32  4:33  Drone  
  32  4:38  Baneling x4  
  33  4:43  Drone  
  34  4:47  Zergling x2  
  34  4:52  Baneling x3  
  35  4:53  Baneling  
  35  4:58  Zergling x2  
  36  5:03  Zergling x2  
  36  5:04  Zergling x2  
  38  5:07  Drone  
  35  5:17  Zergling x2  
  35  5:18  Zergling x4  
  30  5:22  Drone  
  30  5:23  Drone  
  30  5:26  Drone  
  33  5:32  Zergling x4  
  33  5:34  Baneling  
  33  5:35  Baneling  
  34  5:46  Drone x3  
  34  5:47  Drone  
  38  5:55  Lair  
  38  6:05  Drone x4  
  38  6:20  Baneling x3  
  38  6:24  Drone  
  40  6:25  Zergling x2  
  40  6:26  Zergling x6  
  40  6:28  Overlord x2  
  43  6:43  Extractor  
  43  6:44  Extractor  
  39  6:56  Hatchery  
  39  6:59  Baneling x2  
  39  7:00  Baneling x2  
  38  7:01  Zergling x6  
  38  7:02  Zergling x10  
  46  7:15  Zergling x10  
  48  7:22  Zergling x4  
  53  7:25  Baneling  
  53  7:26  Baneling x4  
  53  7:32  Zergling x12  
Show
View Real Time Build Order
Export as new Build Order

aaniaK Zerg - Winner!

Build Orders: Hatch First 

Get SALT Encoding   

  12  0:00  Drone  
  13  0:12  Overlord  
  13  0:16  Drone  
  14  0:30  Drone  
  14  0:31  Drone  
  16  0:49  Hatchery  
  15  0:52  Drone  
  15  0:55  Drone  
  17  0:59  Drone  
  18  1:06  Extractor  
  17  1:15  Spawning Pool  
  17  1:18  Drone  
  17  1:20  Drone  
  18  1:29  Drone  
  19  1:43  Drone  
  19  1:46  Extractor  
  19  1:50  Drone  
  20  2:01  Drone  
  20  2:07  Evolution Chamber  
  20  2:08  Queen x2  
  20  2:10  Metabolic Boost  
  20  2:12  Drone  
  25  2:19  Drone x2  
  27  2:34  Drone  
  27  2:36  Overlord  
  28  2:42  Zerg Missile Weapons Level 1  
  28  2:52  Evolution Chamber, Drone  
  28  2:54  Roach Warren  
  28  2:57  Drone  
  28  3:01  Drone  
  28  3:02  Drone  
  30  3:08  Overlord  
  30  3:17  Evolution Chamber  
  27  3:36  Roach x4  
  30  3:50  Roach x2  
  33  4:03  Queen  
  34  4:10  Roach Warren  
  29  4:28  Zerg Ground Armor Level 1  
  29  4:31  Queen  
  31  4:32  Drone  
  32  4:45  Drone  
  32  4:46  Drone x3  
  32  4:50  Ravager x2  
  38  4:57  Drone x2  
  40  5:11  Overlord x2  
  40  5:23  Roach Warren  
  40  5:26  Evolution Chamber  
  38  5:33  Drone  
  38  5:34  Drone x4  
  43  5:47  Drone  
  43  5:48  Drone  
  45  5:50  Drone  
  45  5:51  Drone x3  
  49  6:03  Roach x3  
  49  6:04  Roach  
  57  6:22  Ravager x2  
  59  6:26  Overlord x3  
  59  6:29  Overlord  
  59  6:36  Lair  
  59  6:52  Roach x7  
  73  7:07  Roach  
  73  7:08  Roach x5  
  85  7:22  Roach x3  
  89  7:58  Ravager  
  89  8:01  Ravager  
Tags
 
Add a new tag
Caveats
  • Supply blocks, unpowered buildings, or Contaminate may cause inaccurate times.
  • Supply counts are checked every 10 seconds.